 Dungeon Crawl Stone Soup version 0.30.0-19-g36f170ea60 (webtiles) character file.

Game seed: 781148953935596627

804 Woods the Sneak (level 7, -3/33 HPs)
             Began as a Felid Transmuter on May 31, 2023.
             Was an Initiate of Wu Jian.
             Succumbed to a water moccasin's poison
             ... on level 7 of the Dungeon.
             The game lasted 00:24:22 (7860 turns).

Woods the Sneak (Felid Transmuter)                  Turns: 7860, Time: 00:24:23

Health: -3/33      AC:  2    Str:  6    XL:     7   Next: 60%
Magic:  12/14      EV: 25    Int: 16    God:    Wu Jian [......]
Gold:   337        SH:  0    Dex: 22    Spells: 8/14 levels left
                                        Lives:  0   Deaths: 2

rFire   . .          .
                       - Unarmed
rCold   . . .        (shield unavailable)
rNeg    . . .        (body armour unavailable)
rPois   x            (helmet unavailable)
rElec   .            (cloak unavailable)
rCorr   .            (gloves unavailable)
SInv    +            (boots unavailable)
Will    +....        (no amulet)
Stlth   ++++         (no ring)
HPRegen 0.25/turn    (no ring)
MPRegen 0.14/turn

%: no passive effects
@: lethally poisoned (-3 -> -29), spider-form
A: venomous fangs, tiny, (claws 1), (fangs 3), see invisible, (speed 1), (shaggy
fur 2), (stealthy paws), no weapons or thrown items, no armour, multi-lived
a: End Transformation, Renounce Religion


You were on level 7 of the Dungeon.
You worshipped Wu Jian.
Wu Jian was noncommittal.
You were a venomous arachnid creature.
You visited 2 branches of the dungeon, and saw 8 of its levels.

You collected 337 gold pieces.

Inventory:

Wands
 k - a wand of light (9)
Scrolls
 b - 7 scrolls of teleportation {unknown}
 c - 7 scrolls of identify {unknown}
 e - 4 scrolls of noise {unknown}
 g - a scroll of fog {unknown}
 i - 2 scrolls of amnesia {unknown}
 m - 2 scrolls of blinking {unknown}
 n - a scroll of brand weapon {unknown}
Potions
 a - 3 potions of lignification
 d - a potion of might {unknown}
 f - 3 potions of heal wounds {unknown}
 h - 4 potions of curing {unknown}
 j - a potion of mutation {unknown}
 l - a potion of resistance {unknown}
 o - a potion of cancellation {unknown}
 p - 2 potions of degeneration {unknown}
 q - a potion of berserk rage {unknown}


   Skills:
 - Level 5.0 Fighting
 + Level 6.0 Dodging
 + Level 6.2 Stealth
 - Level 5.0 Unarmed Combat
 + Level 4.0 Spellcasting
 + Level 4.7 Transmutations
 - Level 1.0 Poison Magic


You had 8 spell levels left.
You knew the following spells:

 Your Spells              Type           Power      Damage    Failure   Level
a - Beastly Appendage     Tmut           36%        N/A       9%          1
b - Wereblood             Tmut           18%        N/A       12%         2
c - Spider Form           Tmut/Pois      12%        N/A       34%         3

Your spell library contained the following spells:

 Spells                   Type           Power      Damage    Failure   Level
 Passwall                 Tmut/Erth      8%         N/A       24%         2
 Sandblast                Erth           6%         2d5       36%         1
 Stone Arrow              Conj/Erth      6%         3d7       67%         3
 Ice Form                 Ice/Tmut       10%        N/A       75%         4
 Olgreb's Toxic Radiance  Pois           6%         N/A       88%         4
 Malign Gateway           Summ/Tloc      1%         N/A       100%        7
 Discord                  Hex            1%         N/A       100%        8
 Ignition                 Fire           1%         3d3       100%        8
 Summon Horrible Things   Summ           1%         N/A       100%        8


Dungeon Overview and Level Annotations

Branches:
Dungeon (7/15)             Temple (1/1) D:6

Altars:
Ashenzari
Cheibriados
Elyvilon
Gozag
Hepliaklqana
Kikubaaqudgha
Makhleb
Nemelex Xobeh
Qazlal
Ru
Sif Muna
Trog
Uskayaw
Wu Jian
Xom
Yredelemnul
Zin
The Shining One

Shops:
D:1 [   D:2 (

Annotations:
D:4 exclusion: ogre
D:6 Grinder


Innate Abilities, Weirdness & Mutations

You are a venomous arachnid creature.
You have venomous fangs.
You are tiny and dextrous.
Your spellcasting is less reliable in this form.
((You have sharp claws.))
((You have razor-sharp teeth.))
You have supernaturally acute eyesight. (SInv)
((You cover ground quickly. (Speed+)))
((You are covered in thick fur. (AC +2)))
((Your paws help you pounce on unaware monsters.))
You are incapable of wielding weapons or throwing items.
You cannot wear armour.
You gain extra lives every three experience levels.


Message History

You see here a +0 club.
Found a falchion.
Your transformation is almost over.
Your horns disappear.
You pick up a book of Geomancy and begin reading...
You add the spells Sandblast, Passwall and Stone Arrow to your library.
You open the door.
A scorpion comes into view.
A water moccasin comes into view.
There are monsters nearby!
Casting: Beastly Appendage (safe; 2% risk of failure)
Confirm with . or Enter, or press ? or * to list all spells.
The spell is quite dangerous to miscast (16% risk of failure)!
Continue anyway?
You turn into a venomous arachnid creature.
You lunge at the water moccasin.
You hit the water moccasin.
The water moccasin is lightly wounded.
The water moccasin misses you.
You hit the water moccasin but do no damage.
The water moccasin is lightly wounded.
The water moccasin bites you!
You are poisoned.
The water moccasin poisons you!
You barely miss the water moccasin.
The water moccasin is lightly wounded.
You feel very sick. The water moccasin bites you.
You are lethally poisoned!
The water moccasin poisons you! The water moccasin bites you.
You hit the water moccasin.
The water moccasin is poisoned.
The water moccasin is lightly wounded.
* * * LOW HITPOINT WARNING * * *
You feel extremely sick. The water moccasin barely misses you.
You hit the water moccasin.
The water moccasin is moderately wounded.
* * * LOW HITPOINT WARNING * * *
You feel extremely sick. The water moccasin misses you.
You hit the water moccasin.
The water moccasin is heavily wounded.
You die...

+....# #......#.##..
###..##########.#.####
##........# #.#.#
#.######.###.#.# #####
#.......#.# .....
#.#.#####.#
......##...# #.#
s.....'....#####.#
......####.Ss....#
..... ######### ....
..S .. .


You could see a water moccasin (very poisoned).

Vanquished Creatures
  2 water moccasins (D:6)
  2 black bears (D:5)
  A centaur (D:6)
  3 ogres
  2 bullfrogs (D:6)
  Blork the orc (D:6)
  2 scorpions (D:6)
  2 jellies (D:6)
  A hound (D:5)
  2 gnoll boudas
  Ijyb (D:3)
  2 iguanas (D:5)
  5 adders
  4 gnolls (D:5)
  A shadow imp (D:6)
  3 white imps
  2 ufetubi (D:6)
  A worm (D:4)
  A dart slug (D:3)
  6 orcs
  10 ball pythons
  6 bats
  9 endoplasms
  8 giant cockroaches
  8 hobgoblins
  4 jackals (D:2)
  10 kobolds
  6 quokkas
  2 frilled lizards
  7 goblins
  2 goblin skeletons (D:5)
  A goblin zombie (D:5)
  A hobgoblin zombie (D:5)
  A kobold skeleton (D:5)
  2 kobold zombies (D:5)
  2 orc skeletons (D:5)
  An orc zombie (D:5)
  6 rats
130 creatures vanquished.

Notes
Turn   | Place    | Note
-------+----------+-------------------------------------------
     0 | D:1      | Woods the Felid Transmuter began the quest for the Orb.
     0 | D:1      | Reached XP level 1. HP: 9/9 MP: 4/4
   142 | D:1      | Reached skill level 1 in Stealth
   159 | D:1      | Reached XP level 2. HP: 7/12 MP: 6/6
   492 | D:1      | Found Tixunus's Antique Armour Boutique.
   658 | D:1      | Reached XP level 3. HP: 15/15 MP: 5/7
   905 | D:2      | Found a shimmering altar of Xom.
   957 | D:2      | Learned a level 2 spell: Wereblood
   961 | D:2      | Learned a level 3 spell: Spider Form
  1030 | D:2      | Found Poilyeba's Weapon Boutique.
  1896 | D:3      | Reached XP level 4. HP: 19/19 MP: 6/8
  1961 | D:3      | Noticed Ijyb
  1979 | D:3      | Killed Ijyb
  3161 | D:4      | Noticed an ogre
  3323 | D:4      | Reached XP level 5. HP: 17/23 MP: 7/9
  3575 | D:4      | Found a shimmering blue altar of Sif Muna.
  3729 | D:5      | Entered Level 5 of the Dungeon
  3741 | D:5      | Noticed a black bear
  3991 | D:5      | Noticed an ogre
  3991 | D:5      | Noticed an ice beast
  4117 | D:5      | Noticed a black bear
  4131 | D:5      | Killed a black bear
  4132 | D:5      | Gained mutation: You are covered in thick fur. (AC +2)
                  | [Felid growth]
  4132 | D:5      | Reached XP level 6. HP: 23/28 MP: 7/10
  4266 | D:4      | Reached skill level 5 in Dodging
  4739 | D:5      | Reached skill level 5 in Stealth
  4997 | D:5      | Reached skill level 5 in Unarmed Combat
  4997 | D:5      | Reached XP level 7. HP: 20/32 MP: 8/11
  5582 | D:5      | Found a glowing golden altar of the Shining One.
  5880 | D:6      | Reached skill level 5 in Fighting
  5880 | D:6      | Reached skill level 1 in Poison Magic
  5892 | D:6      | Killed from afar by a white imp
  5893 | D:6      | Reached XP level 6. HP: 0/30 MP: 10/10
  6059 | D:6      | Reached XP level 7. HP: 8/33 MP: 5/12
  6495 | D:6      | Mangled by a gnoll bouda
  6496 | D:6      | Reached XP level 6. HP: -6/30 MP: 9/11
  6550 | D:6      | Found an ancient bone altar of Kikubaaqudgha.
  6551 | D:6      | Found an opulent altar of Gozag.
  6658 | D:6      | Found a staircase to the Ecumenical Temple.
  6679 | Temple   | Entered the Ecumenical Temple
  6783 | Temple   | Became a worshipper of the Wu Jian Council
  7112 | D:6      | Noticed Grinder
  7150 | D:6      | Noticed a water moccasin
  7162 | D:6      | Killed a water moccasin
  7205 | D:6      | Identified the +2 leather armour of the Buccaneer {+Blink
                  | rElec rF+ Slay-2}
  7221 | D:6      | Noticed Blork the orc
  7230 | D:6      | Killed Blork the orc
  7231 | D:6      | Reached XP level 7. HP: 23/33 MP: 9/13
  7860 | D:7      | Succumbed to a water moccasin's poison

Illustrated notes

Levels and vault maps discovered:
D:1:      erik_arrival_blinker_ship, layout_loops_ring, serial_shops, shop,
          st_stairs_13, kennysheep_crisscross, minmay_splitting_lines
D:2:      layout_basic, basic_altar, serial_shops, nicolae_shop_stone,
          nicolae_concentric_dashed_squares_mild, kennysheep_doodads,
          uniq_crazy_yiuf_cottage
D:3:      layout_basic, uniq_ijyb
D:4:      layout_basic, led_sif_pool
D:5:      layout_rooms, nicolae_tso_besieged_by_evil,
          ebering_dispersal_statue_hall, chequers_serial_rivers_small_3,
          kennysheep_path_1
D:6:      layout_loops_ring, nicolae_overflow_squiral,
          minmay_temple_entry_gardened_gates, hangedman_minor_gate_pass,
          uniq_grinder, uniq_blork_the_orc
D:7:      layout_basic, minmay_misc_feat_secret_circle, uniq_pikel
Temple:   minmay_crystal_spiral_temple

Skill      XL: |  1  2  3  4  5  6  7 |
---------------+----------------------+-----
Dodging        | 3 4 5 6 |  6.0
Stealth        | 1 2 3 4 5 6 |  6.2
Fighting       | 2 3 4 5 |  5.0
Unarmed Combat | 4 5 |  5.0
Poison Magic   | 1 |  1.0
Transmutations | 4 |  4.7
Spellcasting   | 3 4 |  4.0

Action                     |  1- 3 |  4- 6 |  7- 9 || total
---------------------------+-------+-------+-------++-------
  Melee: Unarmed           |   162 |   203 |   113 ||   478
         Headbutt          |    14 |    20 |    14 ||    48
         Bite              |     8 |    13 |    10 ||    31
         Punch             |     3 |     3 |     3 ||     9
   Cast: Beastly Appendage |    31 |    28 |    13 ||    72
         Spider Form       |       |    12 |     7 ||    19
         Wereblood         |       |     1 |       ||     1
Ability: Lunge             |       |     5 |     4 ||     9
   Stab: Sleeping          |     7 |     7 |     1 ||    15
 Armour: Skin              |    11 |     4 |     5 ||    20
  Dodge: Dodged            |   130 |   189 |    75 ||   394
